 Dungeon Crawl Stone Soup version 0.31.0-32-g396128a36d (webtiles) character file.

Game seed: 3005482162567076824

224 bnorton916 the Magician (level 5, -1/28 HPs)
             Began as a Deep Elf Fire Elementalist on Apr 15, 2024.
             Slain by Grinder (6 damage)
             ... on level 4 of the Dungeon.
             The game lasted 00:03:08 (5094 turns).

bnorton916 the Magician (DEFE)                      Turns: 5094, Time: 00:03:08

Health: -1/28      AC:  6    Str:  5    XL:     5   Next: 67%
Magic:  11/14      EV: 13    Int: 22    God:
Gold:   202        SH:  0    Dex: 21    Spells: 6/14 levels left

rFire   . . .        (no weapon)
rCold   . . .        (no shield)
rNeg    . . .        i - +2 robe {Will+}
rPois   .            (no helmet)
rElec   .            p - +0 cloak
rCorr   .            t - +0 pair of gloves
SInv    .            (no boots)
Will    +....        (no amulet)
Stlth   ++           g - +6 ring of dexterity
HPRegen 0.24/turn    (no ring)
MPRegen 0.14/turn

%: no passive effects
@: no status effects
A: no striking features
a: no special abilities


You were on level 4 of the Dungeon.
You visited 1 branch of the dungeon, and saw 4 of its levels.

You collected 202 gold pieces.

Inventory:

Missiles
 f - 3 poisoned darts
Armour
 i - a +2 robe of willpower (worn)
 p - a +0 cloak (worn)
 t - a +0 pair of gloves (worn)
Magical Staves
 e - a staff of cold
Jewellery
 g - a +6 ring of dexterity (left hand)
Scrolls
 a - a scroll of teleportation {unknown}
 h - a scroll of poison {unknown}
 k - 3 scrolls of identify {unknown}
 m - a scroll of vulnerability {unknown}
 n - a scroll of revelation {unknown}
 o - a scroll of immolation {unknown}
Potions
 b - a potion of magic
 c - a potion of might {unknown}
 d - a potion of invisibility {unknown}
 j - a potion of brilliance {unknown}
 l - a potion of degeneration {unknown}
 q - a potion of attraction {unknown}
 r - a potion of curing {unknown}
 s - a potion of heal wounds {unknown}


   Skills:
 - Level 2.4 Dodging
 - Level 2.4 Stealth
 + Level 5.2 Spellcasting
 + Level 3.6 Conjurations
 + Level 4.8 Fire Magic


You had 6 spell levels left.
You knew the following spells:

 Your Spells              Type           Power      Damage    Failure   Level
a - Foxfire               Conj/Fire      96%        2x1d8     1%          1
b - Scorch                Fire           54%        2d7       1%          2
c - Fireball              Conj/Fire      12%        3d7       43%         5

Your spell library contained the following spells:

 Spells                   Type           Power      Damage    Failure   Level
 Freeze                   Ice            20%        1d4       10%         1
 Inner Flame              Hex/Fire       16%        N/A       11%         3
 Volatile Blastmotes      Fire/Tloc      32%        2d12      11%         3
 Hailstorm                Conj/Ice       13%        3d6       14%         3
 Flame Wave               Conj/Fire      24%        2d8       17%         4
 Frozen Ramparts          Ice            10%        1d2       30%         3
 Brom's Barrelling Bould  Conj/Erth      13%        2d4       43%         4
 Iskenderun's Battlesphe  Conj           21%        2d7       52%         5
 Conjure Ball Lightning   Conj/Air       6%         3x3d6     100%        6
 Orb of Destruction       Conj           10%        9d6       100%        7


Dungeon Overview and Level Annotations

Branches:
Dungeon (4/15)
 Temple: D:4-7

Altars:
Vehumet

Annotations:
D:4 Grinder


Message History

Flames lash the dart slug.
The dart slug is severely wounded.
The dart slug's fire resistance burns away.
Casting: Scorch (safe; 1% risk of failure)
Confirm with . or Enter, or press ? or * to list all spells.
Flames lash the dart slug.
The dart slug is burned terribly!
You kill the dart slug!
Unknown command.
You now have 202 gold pieces (gained 16).
Grinder comes into view.
Grinder is nearby!
Grinder is nearby!
Grinder is nearby!
Casting: Scorch (safe; 1% risk of failure)
Confirm with . or Enter, or press ? or * to list all spells.
Flames lash Grinder.
Grinder is moderately wounded.
Grinder's fire resistance burns away.
Grinder hits you.
You writhe in agony.
Grinder gestures at you.
You suddenly lose the ability to move!
Grinder gestures at you. Pain shoots through your body! Grinder hits you.
You writhe in agony.
Grinder says, "Don't move a muscle."
Grinder hits you but does no damage.
Grinder is no longer more vulnerable to fire.
Grinder hits you.
You writhe in agony.
You can move again.
Unknown command.
Casting: Scorch (safe; 1% risk of failure)
Confirm with . or Enter, or press ? or * to list all spells.
Flames lash Grinder.
Grinder is moderately wounded.
Grinder's fire resistance burns away.
Grinder hits you.
You writhe in agony.
* * * LOW HITPOINT WARNING * * *
Grinder hits you.
* * * LOW HITPOINT WARNING * * *
You writhe in agony.
You die...
Grinder says, "Hey, I wasn't done torturing you yet!"

# ##. ###### .^.
.....## ###.# #
###...#######...# .###
...........##.#####...
###...####.##...#...#
# ##.#####.####.#5.# #
#............@..# #
#######.#######......
#.# ##.:. #.# . #.#
#.# #.# #.# #..


You could see Grinder (combustible).

Vanquished Creatures
  An ogre (D:2)
  Jessica (D:2)
  A sleepcap (D:4)
  An adder (D:2)
  A ribbon worm (D:2)
  A dart slug (D:4)
  5 orcs
  6 endoplasms
  3 giant cockroaches
  3 goblins
  7 hobgoblins
  9 jackals (D:1)
  3 quokkas
  6 ball pythons
  4 bats
  3 frilled lizards
  5 kobolds
  6 rats
66 creatures vanquished.

Vanquished Creatures (others)
  267 foxfires
267 creatures vanquished.

Grand Total: 333 creatures vanquished

Notes
Turn   | Place    | Note
-------+----------+-------------------------------------------
     0 | D:1      | bnorton916 the Deep Elf Fire Elementalist began the quest
                  | for the Orb.
     0 | D:1      | Reached XP level 1. HP: 10/10 MP: 6/6
   405 | D:1      | Reached XP level 2. HP: 15/15 MP: 6/8
   774 | D:1      | Found a faded altar of an unknown god.
  1075 | D:1      | Reached XP level 3. HP: 19/19 MP: 6/10
  1205 | D:1      | Learned a level 2 spell: Scorch
  2577 | D:2      | Reached skill level 4 in Spellcasting
  2767 | D:2      | Noticed Jessica
  2774 | D:2      | Killed Jessica
  2775 | D:2      | Reached XP level 4. HP: 24/24 MP: 4/12
  3028 | D:2      | Noticed an ogre
  3040 | D:2      | Killed an ogre
  3041 | D:2      | Reached XP level 5. HP: 28/28 MP: 7/14
  3047 | D:2      | Learned a level 5 spell: Fireball
  3111 | D:2      | Reached skill level 5 in Spellcasting
  3809 | D:3      | Found a radiant altar of Vehumet.
  5086 | D:4      | Noticed Grinder
  5088 | D:4      | Paralysed by Grinder for 5 turns
  5094 | D:4      | Slain by Grinder

Illustrated notes

Levels and vault maps discovered:
D:1:      amcnicky_arrival_gap_in_the_tavern_cellar, layout_basic,
          nicolae_ecumenical_snake_handling, minmay_misc_feat_square,
          chequers_serial_rivers_micro_b
D:2:      layout_loops_ring, uniq_jessica
D:3:      layout_loops_corners, mainiacjoe_overflow_cross_hatched
D:4:      layout_loops_ring, nicolae_ru_path_of_blood, uniq_grinder

Skill      XL: |  1  2  3  4  5 |
---------------+----------------+-----
Conjurations   | 2 3 |  3.6
Spellcasting   | 4 5 |  5.2
Fire Magic     | 4 |  4.8
Dodging        | |  2.4
Stealth        | |  2.4

Action                     |  1- 3 |  4- 6 || total
---------------------------+-------+-------++-------
   Cast: Foxfire           |   112 |    64 ||   176
         Scorch            |     3 |    12 ||    15
 Armour: Robe              |     6 |     6 ||    12
         Skin              |       |     3 ||     3
  Dodge: Dodged            |     9 |     7 ||    16
